 Dungeon Crawl Stone Soup version 0.28.0-43-g3370ac3207 (webtiles) character file.

Game seed: 17162955567784113115

6171 Pinkishskies the Thaumaturge (level 11, -5/65 HPs)
             Began as a Djinni Fire Elementalist on Mar 23, 2022.
             Was a Believer of Makhleb.
             Slain by a two-headed ogre
             ... wielding a +0 giant club
              (22 damage)
             ... on level 9 of the Dungeon.
             The game lasted 00:41:57 (15449 turns).

Pinkishskies the Thaumaturge (DjFE)                Turns: 15449, Time: 00:41:58

Health: -5/65      AC:  6    Str:  7    XL:     11   Next: 13%
Gold:   214        EV: 16    Int: 22    God:    Makhleb [**....] SH:  0 Dex: 13

rFire   + + .      SeeInvis .   (no weapon)
rCold   x . .      Faith    .   (no shield)
rNeg    . . .      Spirit   .   g - +0 leather armour
rPois   ∞          Reflect  .   i - +2 helmet
rElec   .          Harm     .   (no cloak)
rCorr   .          Rampage  .   (no gloves)
Will    +....                   (boots unavailable)
Stlth   ++........              (no amulet)
HPRegen 0.20/turn               j - +4 ring of evasion
MPRegen 0.00/turn               (no ring)

@: flying
A: sickness immunity, fire resistance 2, cold vulnerability 1, float, innate
caster, HP casting, extra vitality 1
a: Renounce Religion, Minor Destruction


You were on level 9 of the Dungeon.
You worshipped Makhleb.
Makhleb was pleased with you.
You visited 2 branches of the dungeon, and saw 10 of its levels.
You also visited: Ossuary.

You collected 396 gold pieces.
You spent 182 gold pieces at shops.

Inventory:

Hand Weapons
 D - the +8 long sword "Killer Klown's Regret" {holy, rN+}
   (You found it on level 6 of the Dungeon)

   It has been blessed by the Shining One to cause great damage to the undead
   and demons.
   rN:        It protects you from negative energy.
Missiles
 b - 290 stones
Armour
 a - a +0 robe
 g - a +0 leather armour (worn)
 i - a +2 helmet (worn)
 x - the +8 plate armour "Qaimiap" {-Tele rN++ Slay-6 Stlth+}
   (You found it on level 5 of the Dungeon)

   Slay:      It affects your accuracy & damage with ranged weapons and melee
   (-6).
   rN:        It greatly protects you from negative energy.
   -Tele:     It prevents most forms of teleportation.
   Stlth:     It makes you more stealthy.
 E - the +0 robe of Xaqiets {Harm}
   (You bought it in a shop on level 1 of the Dungeon)

   Harm:      It increases damage dealt and taken.
Jewellery
 j - a +4 ring of evasion (left hand)
Wands
 u - a wand of flame (3)
 z - a wand of iceblast (7)
 B - a wand of paralysis (9)
Scrolls
 c - 8 scrolls of noise
 h - a scroll of brand weapon {unknown}
 p - 3 scrolls of teleportation
 q - a scroll of immolation {unknown}
 r - 2 scrolls of fog
 t - a scroll of torment {unknown}
 v - 3 scrolls of magic mapping
 w - 2 scrolls of fear
 y - 2 scrolls of amnesia
 F - a scroll of holy word {unknown}
Potions
 e - 2 potions of curing
 f - a potion of attraction {unknown}
 k - 3 potions of heal wounds
 l - a potion of flight {unknown}
 m - a potion of brilliance
 n - 3 potions of might
 o - 2 potions of resistance
 s - 2 potions of mutation
 A - a potion of lignification {unknown}
 C - a potion of haste {unknown}


   Skills:
 - Level 0.1 Fighting
 + Level 4.8 Armour
 + Level 2.9 Dodging
 + Level 3.0 Stealth
 + Level 11.7 Spellcasting
 + Level 0.5 Evocations


You had 7 spell levels left.
You knew the following spells:

 Your Spells              Type           Power      Damage    Failure   Level
a - Foxfire               Conj/Fire      100%       2x1d9     1%          1
b - Scorch                Fire           100%       2d10      1%          2
c - Conjure Flame         Conj/Fire      59%        6-21      1%          3
d - Inner Flame           Hex/Fire       59%        N/A       1%          3
e - Flame Wave            Conj/Fire      59%        2d11      1%          4
f - Summon Small Mammal   Summ           100%       N/A       1%          1
g - Blink                 Tloc           100%       N/A       1%          2
h - Call Canine Familiar  Summ           59%        N/A       1%          3
i - Ignite Poison         Fire/Tmut/Pois 59%        N/A       1%          3
j - Anguish               Hex/Necr       29%        N/A       1%          4
Your spell library was empty.

Dungeon Overview and Level Annotations

Branches:
Dungeon (9/15)             Temple (1/1) D:5         Ossuary (visited)
   Lair: D:8-11         Orc: D:9-12

Altars:
Ashenzari
Cheibriados
Dithmenos
Elyvilon
Fedhas
Hepliaklqana
Kikubaaqudgha
Makhleb
Nemelex Xobeh
Okawaru
Qazlal
Ru
Sif Muna
Trog
Uskayaw
Vehumet
Wu Jian
Xom
Yredelemnul
Zin
The Shining One

Shops:
D:1 [   D:2 [   D:5 (   D:8 ?


Innate Abilities, Weirdness & Mutations

You are immune to sickness and miasma.
You are immune to poison.
Your flesh is very heat resistant. (rF++)
You are vulnerable to cold. (rC-)
You float through the air rather than walking.
You learn spells naturally, not from books.
Your magical power is your life essence.
You have superior vitality. (+4 MHP)


Message History

You feel better.
The fiery explosion engulfs the orc warrior!
The orc warrior is moderately wounded.
The fiery explosion engulfs the orc warrior!!!
You kill the orc warrior!
Makhleb accepts your kill.
The orc explodes!
The fiery explosion engulfs the orc warrior!!
You kill the orc warrior!
Makhleb accepts your kill.
You hear a shout! x3
An orc comes into view. It is wielding a +0 flail.
Unknown command.
You swap places.
You swap places.
Casting: Scorch (safe; 1% risk of failure)
Confirm with . or Enter, or press ? or * to list all spells.
Flames lash the two-headed ogre.
The two-headed ogre is lightly wounded.
The two-headed ogre's fire resistance burns away.
Your wolf bites the two-headed ogre.
The two-headed ogre misses your wolf.
The two-headed ogre hits your wolf with a +0 giant club!
Your wolf dies!
Your wolf's corpse disappears in a puff of smoke!
The two-headed ogre is wracked by anguish!
An orc comes into view.
It is wielding a +0 mace of holy wrath and quivering boomerangs of dispersal.
The two-headed ogre is no longer more vulnerable to fire.
Casting: Scorch (safe; 1% risk of failure)
Confirm with . or Enter, or press ? or * to list all spells.
You don't know that spell.
Casting: Scorch (safe; 1% risk of failure)
Confirm with . or Enter, or press ? or * to list all spells.
The fire begins to smoulder!
The two-headed ogre smothers the flame.
There is a stone staircase leading up here.
The two-headed ogre hits you with a +0 giant club!!
* * * LOW HITPOINT WARNING * * *
The two-headed ogre is wracked by anguish!!
The two-headed ogre hits you with a +0 giant club!!
You die...

#################).≈≈.
≈≈≈≈≈≈≈≈≈≈≈≈≈≈≈≈≈≈≈8≈.
≈≈≈≈≈≈≈≈≈≈≈≈≈≈≈≈≈≈≈≈8.
......................
...........##....o..##
######...#.#.#######
...#.#..##..#
#.#.#..o...#
#.@O#..##.##
#.#..o.#.## ...#.#...#
..........##
##...##.#..# ##.#
#..... #. ###.### #.
#.# #.#


You could see a two-headed ogre (anguished) and an orc.

Vanquished Creatures
  A troll (D:8)
  A hornet (D:8)
  Menkaure (D:7)
  2 ice beasts
  3 orc warriors (D:9)
  5 ogres (D:6)
  A black bear (D:6)
  4 necrophages
  3 phantoms
  2 kobold brigands
  4 bullfrogs
  6 scorpions
  A water moccasin skeleton (D:6)
  An electric eel (D:9)
  6 wights
  2 howler monkeys
  2 bullfrog zombies
  A human zombie (Ossuary)
  2 centaur zombies (Ossuary)
  2 jellies
  7 orc priests
  A bullfrog skeleton (D:6)
  3 hounds (D:6)
  A centaur skeleton (D:6)
  4 iguanas
  4 orc wizards
  A killer bee zombie (D:7)
  5 mummies (Ossuary)
  Robin (D:2)
  3 gnolls (D:3)
  6 adders
  3 white imps
  3 ufetubi
  An adder skeleton (D:4)
  2 worms
  A dart slug (D:4)
  28 orcs
  7 endoplasms
  2 giant cockroaches
  A gnoll zombie (Ossuary)
  17 goblins
  10 hobgoblins
  4 jackals (D:1)
  2 quokkas (D:2)
  7 ball pythons
  2 bats (D:1)
  3 frilled lizards
  8 kobolds
  A kobold zombie (Ossuary)
  2 orc zombies (Ossuary)
  4 rats
194 creatures vanquished.

Vanquished Creatures (collateral kills)
  A centaur zombie (D:6)
  Prince Ribbit (D:8)
  3 steam dragons
  A sky beast (D:5)
  2 ice beasts
  An ogre (D:6)
  A phantom (D:6)
  A scorpion (D:5)
  A wyvern zombie (D:5)
  2 water moccasin skeletons
  A wight (D:8)
  An iguana (D:5)
  An orc wizard (D:5)
  A scorpion zombie (D:5)
  A mummy (Ossuary)
  A howler monkey zombie (D:5)
  An adder (D:4)
  A howler monkey skeleton (D:4)
  2 orcs
  2 hobgoblins
  2 jackals (D:4)
  A goblin zombie (Ossuary)
29 creatures vanquished.

Vanquished Creatures (others)
  An orc warrior (D:9)
  A wight (D:8)
  800 foxfires
  5 plants (D:2)
807 creatures vanquished.

Grand Total: 1030 creatures vanquished

Notes
Turn   | Place    | Note
-------+----------+-------------------------------------------
     0 | D:1      | Pinkishskies the Djinni Fire Elementalist began the quest
                  | for the Orb.
     0 | D:1      | Reached XP level 1. HP: 15/15 MP: 0/0
   377 | D:1      | Reached XP level 2. HP: 13/21 MP: 0/0
  1322 | D:1      | Reached skill level 3 in Spellcasting
  1360 | D:1      | Reached XP level 3. HP: 22/25 MP: 0/0
  1360 | D:1      | Learned a level 1 spell: Summon Small Mammal
  1737 | D:1      | Found Yzinamn's Armour Shoppe.
  2679 | D:2      | Found a blossoming altar of Fedhas.
  2740 | D:2      | You are sucked into a shaft and drop 1 floor!
  3312 | D:2      | Found a faded altar of an unknown god.
  3433 | D:2      | Reached XP level 4. HP: 28/31 MP: 0/0
  3461 | D:2      | Found Fijuseriom's Antique Armour Shop.
  3755 | D:2      | Noticed Robin
  3763 | D:2      | Killed Robin
  4646 | D:3      | Reached XP level 5. HP: 28/35 MP: 0/0
  4646 | D:3      | Learned a level 2 spell: Blink
  4862 | D:3      | Reached skill level 4 in Spellcasting
  5352 | D:4      | Found a sand-covered staircase.
  5366 | D:4      | Reached skill level 1 in Armour
  5377 | D:4      | Noticed a phantom
  5382 | Ossuary  | Entered an ossuary
  5509 | Ossuary  | Reached XP level 6. HP: 28/40 MP: 0/0
  6196 | Ossuary  | Reached skill level 5 in Spellcasting
  6317 | D:4      | Reached XP level 7. HP: 36/45 MP: 0/0
  6317 | D:4      | Learned a level 3 spell: Call Canine Familiar
  6324 | D:4      | Noticed a steam dragon
  6331 | D:4      | Killed a steam dragon
  6574 | D:4      | Reached skill level 6 in Spellcasting
  6887 | D:4      | Reached XP level 8. HP: 44/50 MP: 0/0
  7596 | D:5      | Entered Level 5 of the Dungeon
  7612 | D:5      | Reached skill level 7 in Spellcasting
  7784 | D:5      | Found Lewousex's Weapon Boutique.
  8051 | D:5      | Reached XP level 9. HP: 42/55 MP: 0/0
  8051 | D:5      | Learned a level 3 spell: Ignite Poison
  8123 | D:5      | Found a staircase to the Ecumenical Temple.
  8148 | Temple   | Entered the Ecumenical Temple
  8560 | Temple   | Became a worshipper of Makhleb the Destroyer
  8588 | D:5      | Reached skill level 8 in Spellcasting
  9097 | D:5      | Identified the +8 plate armour "Qaimiap" {-Tele rN++ Slay-6
                  | Stlth+}
  9818 | D:6      | Reached * piety under Makhleb
  9819 | D:6      | Reached skill level 9 in Spellcasting
 10640 | D:6      | Reached XP level 10. HP: 52/60 MP: 0/0
 11102 | D:6      | Reached skill level 10 in Spellcasting
 11524 | D:6      | Identified the +8 long sword "Killer Klown's Regret" {holy,
                  | rN+}
 11983 | D:1      | Bought the +0 robe of Xaqiets {Harm} for 100 gold pieces
 12384 | D:7      | Reached ** piety under Makhleb
 12771 | D:7      | Noticed Menkaure
 12779 | D:7      | Killed Menkaure
 13052 | D:7      | Reached skill level 11 in Spellcasting
 14117 | D:8      | Noticed Prince Ribbit
 14123 | D:8      | Killed Prince Ribbit
 14198 | D:8      | Reached XP level 11. HP: 60/65 MP: 0/0
 14198 | D:8      | Learned a level 4 spell: Anguish
 14976 | D:8      | Found Hibieffua's Magic Scroll Shop.
 14979 | D:8      | Bought a scroll of magic mapping for 52 gold pieces
 14979 | D:8      | Bought a scroll of identify for 30 gold pieces
 15413 | D:9      | Noticed a two-headed ogre
 15449 | D:9      | Slain by a two-headed ogre

Illustrated notes

Levels and vault maps discovered:
D:1:      scummos_arrival_simple_fountains, layout_basic, serial_shops, shop,
          kennysheep_minor_cross
D:2:      layout_basic, basic_altar, serial_shops, nicolae_lakefront_shop,
          chequers_ecumenical_altar_lobes, uniq_robin
D:3:      layout_basic
D:4:      layout_rooms, enter_ossuary_1, st_stairs_2, kennysheep_generic_room_13
D:5:      layout_basic, minmay_temple_entry_slanted, serial_shops,
          nicolae_shop_statue_plus, chequers_big_river
D:6:      layout_basic, st_stairs_9, minmay_joined_circles
D:7:      layout_layer_cave, uniq_menkaure
D:8:      layout_loops_ring, serial_shops, nicolae_shop_behind_doors,
          uniq_prince_ribbit1
D:9:      layout_loops_ring, erik_orc_2
Temple:   mainiacjoe_temple_archimedes_tessellation

Skill      XL: |  1  2  3  4  5  6  7  8  9 10 |
---------------+-------------------------------+-----
Spellcasting   | 3 4 5 6 7 9 11 | 11.7
Stealth        | 2 3 |  3.0
Armour         | 1 2 3 4 |  4.8
Fighting       | |  0.1
Dodging        | |  2.9
Evocations     | |  0.5

Action                   |  1- 3 |  4- 6 |  7- 9 | 10-12 || total
-------------------------+-------+-------+-------+-------++-------
Melee: Unarmed           |       |       |     1 |       ||     1
 Cast: Foxfire           |   108 |    98 |   160 |   142 ||   508
       Summon Small Mamm |    14 |    21 |    12 |       ||    47
       Scorch            |     5 |    21 |    43 |    32 ||   101
       Blink             |       |     3 |     1 |       ||     4
       Inner Flame       |       |     1 |     5 |     8 ||    14
       Conjure Flame     |       |     1 |     2 |     5 ||     8
       Call Canine Famil |       |       |    25 |    13 ||    38
       Anguish           |       |       |       |     2 ||     2
Evoke: Wand              |       |       |     1 |     3 ||     4
  Use: Scroll            |       |     3 |     1 |     8 ||    12
       Potion            |       |       |       |     2 ||     2
Armor: Robe              |     2 |       |       |       ||     2
       Leather armour    |       |       |     3 |     1 ||     4
Dodge: Dodged            |     5 |     4 |    18 |    22 ||    49
